 Dungeon Crawl Stone Soup version 0.30-a0-4-ga7cffc901d (webtiles) character file.

Game seed: 4367812721823077065

64 bearlyready the Shooter (level 4, -6/25 HPs)
             Began as a Kobold Arcane Marksman on Aug 22, 2022.
             Was an Initiate of Ashenzari.
             Shot with an arrow by a centaur (10 damage)
             ... on level 4 of the Dungeon.
             The game lasted 00:02:56 (2073 turns).

bearlyready the Shooter (Kobold Arcane Marksman)    Turns: 2073, Time: 00:02:56

Health: -6/25      AC:  2    Str:  7    XL:     4   Next: 32%
Magic:  4/5        EV: 15    Int: 14    God:    Ashenzari [......]
Gold:   164        SH:  0    Dex: 17    Spells: 4/5 levels left

rFire   . . .      SeeInvis .    a - +1 sling
rCold   . . .      Faith    .    (no shield)
rNeg    . . .      Spirit   .    c - +0 robe
rPois   .          Reflect  .    (no helmet)
rElec   .          Harm     .    (no cloak)
rCorr   .          Rampage  .    (no gloves)
Will    .....                    (no boots)
Stlth   +++.......               h - amulet of regeneration
HPRegen 0.88/turn                (no ring)
MPRegen 0.09/turn                (no ring)

@: no status effects
A: small, no large weapons, nightstalker 3
a: Renounce Religion


You were on level 4 of the Dungeon.
You worshipped Ashenzari.
Ashenzari was noncommittal.
You visited 1 branch of the dungeon, and saw 4 of its levels.

You collected 164 gold pieces.

Inventory:

Hand Weapons
 a - a +1 sling (weapon)
Missiles
 o - 4 poisoned darts
Armour
 c - a +0 robe (worn)
Jewellery
 h - an amulet of regeneration (around neck)
Scrolls
 b - 2 scrolls of poison
 d - a scroll of amnesia {unknown}
 e - 4 scrolls of teleportation {unknown}
 f - a scroll of torment {unknown}
 g - 7 scrolls of identify {unknown}
 i - a scroll of noise {unknown}
 j - a scroll of blinking
 k - a scroll of fear {unknown}
 p - 2 scrolls of immolation {unknown}
 q - a scroll of brand weapon {unknown}
Potions
 l - a potion of haste {unknown}
 m - 2 potions of heal wounds {unknown}
 n - 2 potions of berserk rage {unknown}
 r - a potion of degeneration {unknown}


   Skills:
 - Level 1.1 Fighting
 + Level 5.7 Ranged Weapons
 - Level 2.4 Dodging
 - Level 1.1 Spellcasting
 - Level 3.0 Hexes


You had 4 spell levels left.
You knew the following spells:

 Your Spells              Type           Power      Damage    Failure   Level
a - Slow                  Hex            36%        N/A       8%          1

Your spell library contained the following spells:

 Spells                   Type           Power      Damage    Failure   Level
 Beastly Appendage        Tmut           0%         N/A       26%         1
 Freeze                   Ice            0%         1d3       26%         1
 Wereblood                Tmut           0%         N/A       36%         2
 Inner Flame              Hex/Fire       4%         N/A       38%         3
 Portal Projectile        Hex/Tloc       8%         N/A       38%         3
 Cause Fear               Hex            4%         N/A       58%         4
 Frozen Ramparts          Ice            0%         1d1       61%         3
 Spider Form              Tmut/Pois      0%         N/A       61%         3
 Hailstorm                Conj/Ice       0%         3d3       95%         4


Dungeon Overview and Level Annotations

Branches:
Dungeon (4/15)
 Temple: D:4-7

Altars:
Ashenzari
Cheibriados


Innate Abilities, Weirdness & Mutations

You are small and have problems with some larger weapons.
You are completely attuned to the shadows.


Message History

You climb downwards.
There is a stone staircase leading up here.
A centaur comes into view.
Found 4 gold pieces and a manual of Dodging.
A centaur is nearby!
A centaur is nearby!
Press: ? - help, v - describe, . - travel The floor.
You aren't carrying any items that you can evoke.
Unknown command.
Casting: Slow (safe; 8% risk of failure)
Confirm with . or Enter, or press ? or * to list all spells.
You don't know that spell.
Casting: Slow (safe; 8% risk of failure)
Confirm with . or Enter, or press ? or * to list all spells.
Okay, then.
Unknown command.
Okay, then.
Casting: Slow (safe; 8% risk of failure)
Confirm with . or Enter, or press ? or * to list all spells.
Aiming: Slow (safe; 8% risk of failure)
Press: ? - help, Shift-Dir - straight line, f - centaur
Aim: a centaur (asleep, chance to affect: 47%)
The centaur resists with some effort.
The centaur wields a +0 shortbow.
The centaur shoots an arrow.
The arrow hits you!
The centaur shoots an arrow.
The arrow hits you.
Fire: a) +1 sling
Press: ? - help, Q - select action, (/) - cycle Shift-Dir - straight line, f/p - centaur
Aim: a centaur, wielding a +0 shortbow (71% to hit)
You shoot a sling bullet. The sling bullet hits the centaur!
The centaur is moderately wounded.
You hear a shout!
A centaur comes into view.
The centaur shoots an arrow.
The arrow hits you!
Ouch! That really hurt!
* * * LOW HITPOINT WARNING * * *
The centaur moves out of view.
There is a stone staircase leading up here.
The centaur shoots an arrow.
The arrow hits you!
You die...

#.#.#
#####...##
#.........
##.........
......@....
##.........
$...c......
.##.##.....
#.. ##....
.. #.#c ...
. .( ..#:
..###.
......
......


You could see a centaur.

Vanquished Creatures
  2 adders (D:3)
  A worm (D:3)
  2 dart slugs (D:2)
  3 ball pythons
  2 bats
  6 endoplasms
  6 goblins
  2 hobgoblins
  2 jackals (D:3)
  2 frilled lizards (D:2)
  2 kobolds (D:1)
  6 rats
36 creatures vanquished.

Vanquished Creatures (others)
  5 plants (D:2)
5 creatures vanquished.

Grand Total: 41 creatures vanquished

Notes
Turn   | Place    | Note
-------+----------+-------------------------------------------
     0 | D:1      | bearlyready the Kobold Arcane Marksman began the quest for
                  | the Orb.
     0 | D:1      | Reached XP level 1. HP: 12/12 MP: 2/2
    44 | D:1      | Reached skill level 3 in Ranged Weapons
   128 | D:1      | Reached XP level 2. HP: 16/16 MP: 3/3
   506 | D:2      | Reached skill level 4 in Ranged Weapons
   961 | D:2      | Reached XP level 3. HP: 20/20 MP: 4/4
  1155 | D:2      | Found a faded altar of an unknown god.
  1384 | D:3      | Identified the +7 quarterstaff of the Beginning {vorpal,
                  | Str-5 Int+7 Dex+4}
  1440 | D:3      | Reached skill level 5 in Ranged Weapons
  1538 | D:3      | Reached XP level 4. HP: 25/25 MP: 5/5
  1725 | D:3      | Found a snail-covered altar of Cheibriados.
  1801 | D:3      | Found a broken altar of Ashenzari.
  1805 | D:3      | Became a worshipper of Ashenzari the Shackled
  1916 | D:4      | Noticed an ogre
  2068 | D:4      | Noticed a centaur
  2070 | D:4      | Noticed a centaur
  2070 | D:4      | HP: 1/25 [centaur/arrow (14)]
  2073 | D:4      | Shot with an arrow by a centaur

Illustrated notes

Levels and vault maps discovered:
D:1:      lemuel_arrival_hallway, layout_rooms, chequers_serial_rivers_micro_c
D:2:      wander_river, layout_rooms, serial_forest,
          infiniplex_forest_clump_small, infiniplex_forest_3_way,
          infiniplex_forest_clump_double, infiniplex_forest_3_way,
          infiniplex_forest_lined_4_way, infiniplex_forest_lined_room_,
          infiniplex_forest_zigzag_1, infiniplex_forest_clump_cross,
          basic_ecumenical_altar
D:3:      layout_rooms, mainiacjoe_overflow_divided_tiny
D:4:      layout_basic, fiery_altar_vehumet, marbit_many_paths,
          lemuel_tele_altar, minmay_temple_entry_offerings, serial_shops,
          nicolae_shop_hallway_stairs, minmay_manual_mares

Skill      XL: |  1  2  3 |
---------------+----------+-----
Ranged Weapons | 3 4 5 |  5.7
Fighting       | |  1.1
Dodging        | |  2.4
Spellcasting   | |  1.1
Hexes          | |  3.0

Action                   |  1- 3 |  4- 6 || total
-------------------------+-------+-------++-------
 Fire: Sling             |    82 |    34 ||   116
 Cast: Slow              |     2 |     2 ||     4
  Use: Scroll            |     1 |       ||     1
Armor: Robe              |     8 |     1 ||     9
Dodge: Dodged            |    17 |    18 ||    35

Table legend: (Time is in decaauts)
 A = Elapsed time spent in this place.
 B = Non-inter-level travel time spent in this place.
 C = Inter-level travel time spent in this place.
 D = Time resting spent in this place.
 E = Time spent auto-exploring this place.
 F = Levels seen in this place.
 G = Mean time per level.
                   A        B        C        D        E       F      G
               +--------+--------+--------+--------+--------+-----+--------+
         Total |   2127 |   1984 |    143 |    226 |   1477 |   4 |  531.8 |
       Dungeon |   2127 |   1984 |    143 |    226 |   1477 |   4 |  531.8 |
               +--------+--------+--------+--------+--------+-----+--------+

Top non-repeatable levels by time:
     D:2: 758 daAuts
     D:3: 700 daAuts
     D:1: 628 daAuts
     D:4: 40 daAuts
